 Dungeon Crawl Stone Soup version 0.30-a0-377-g5cb311bc9f (webtiles) character file.

Game seed: 14002990385790186271

1619742 Lobster4 the Planerender (level 27, 188/188 HPs)
             Began as a Tengu Summoner on Nov 27, 2022.
             Was an Elder of Sif Muna.
             Escaped with the Orb
             ... and 4 runes on Nov 29, 2022!
             The game lasted 12:03:26 (146930 turns).

Lobster4 the Planerender (Tengu Summoner)         Turns: 146930, Time: 12:03:27

Health: 188/188    AC: 29    Str: 11      XL:     27
Magic:  66/66      EV: 17    Int: 26 (33) God:    Sif Muna [****..]
Gold:   6201       SH: 20    Dex: 23      Spells: 5/66 levels left

rFire   + + .      SeeInvis +    a - +7 falchion of Theory {pain, rN+ Will+ MP+9}
rCold   + + .      Faith    .    O - +5 kite shield {reflect}
rNeg    + + .      Spirit   .    f - +0 pearl dragon scales of Lifelessness {rN+ Regen+ MP+9}
rPois   +          Reflect  +    u - +2 hat
rElec   +          Harm     .    Q - +2 cloak {rPois}
rCorr   +          Rampage  .    G - +2 pair of gloves of Hedonism {rCorr Dex+2}
Will    ++++.                    (boots unavailable)
Stlth   ++........               r - amulet "Oprimod" {rElec rF+ Regen+ Int+3}
HPRegen 2.91/turn                j - ring of Ikil {rC+ Will+ Str+4}
MPRegen 0.40/turn                x - ring "Buamanwe" {rF+ Str-2 Int+5 Dex+6 SInv}

@: flying quickly and evasively, studying 3 skills, quick
A: beak, talons 3, nimble flight, iridescent scales 1, camouflage 1, clumsy 1,
cold resistance 1, regeneration 1, screaming 1, weak 1
0: Orb of Zot
}: 4/15 runes: serpentine, barnacled, slimy, silver
a: Renounce Religion, Channel Magic, Forget Spell, Divine Exegesis


You escaped.
You worshipped Sif Muna.
Sif Muna was greatly pleased with you.
You visited 13 branches of the dungeon, and saw 57 of its levels.
You visited 1 bazaar.
You also visited: Gauntlet, Volcano and Wizlab.

You collected 11531 gold pieces.
You spent 5330 gold pieces at shops.

Inventory:

Hand Weapons
 a - the +7 falchion of Theory (weapon) {pain, rN+ Will+ MP+9}
   (You took it off a deep elf demonologist on level 3 of the Elven Halls)

   In the hands of one skilled in necromantic magic, it inflicts extra damage on
   living creatures.
   rN:        It protects you from negative energy.
   MP:        It affects your magic capacity (+9).
   Will:      It increases your willpower.
 b - a +2 vorpal sling
 F - a +4 trident of protection
 K - the +6 broad axe of Immorality {flame, +Blink rElec rF+}
   (You bought it in a shop on level 1 of the Vaults)

   It burns those it strikes, dealing additional fire damage.
   Big, fiery blades are also staple armaments of hydra-hunters.
   rF:        It protects you from fire.
   rElec:     It insulates you from electricity.
   +Blink:    It lets you blink.
 L - the +5 rapier "Starlight" {vorpal, *Noise rC+++ Will++ Dex-3}
   (You bought it in a shop on level 1 of the Vaults)

   It inflicts extra damage upon your enemies.
   Dex:       It affects your dexterity (-3).
   rC:        It renders you almost immune to cold.
   *Noise:    It may make noises in combat.
   Will:      It greatly increases your willpower.
Armour
 f - the +0 pearl dragon scales of Lifelessness (worn) {rN+ Regen+ MP+9}
   (You bought it in a shop on level 1 of the Shoals)

   rN:        It protects you from negative energy.
   MP:        It affects your magic capacity (+9).
   Regen:     It increases your rate of health regeneration.
 u - a +2 hat (worn)
 w - the +4 dragonskin cloak
   (You took it off Tiamat on level 1 of the Realm of Zot)

   It grants the wearer a chance to resist fire, cold, poison, electricity,
   acid, and negative energy.
 G - the +2 pair of gloves of Hedonism (worn) {rCorr Dex+2}
   (You found it on level 4 of the Vaults)

   Dex:       It affects your dexterity (+2).
   rCorr:     It protects you from acid and corrosion.
 O - a +5 kite shield of reflection (worn)
 Q - a +2 cloak of poison resistance (worn)
Jewellery
 j - the ring of Ikil (left hand) {rC+ Will+ Str+4}
   (You took it off a merfolk on level 4 of the Shoals)

   [ring of willpower]

   Str:       It affects your strength (+4).
   rC:        It protects you from cold.
   Will:      It increases your willpower.
 k - the ring of the Threshing Saviour {rN+ Str+3}
   (You found it on level 3 of the Crypt)

   [ring of positive energy]

   Str:       It affects your strength (+3).
   rN:        It protects you from negative energy.
 r - the amulet "Oprimod" (around neck) {rElec rF+ Regen+ Int+3}
   (You took it off a spriggan defender on level 3 of the Depths)

   [amulet of regeneration]

   Int:       It affects your intelligence (+3).
   rF:        It protects you from fire.
   rElec:     It insulates you from electricity.
   Regen:     It increases your rate of health regeneration.
 x - the ring "Buamanwe" (right hand) {rF+ Str-2 Int+5 Dex+6 SInv}
   (You took it off a deep elf sorcerer on level 3 of the Elven Halls)

   [ring of dexterity]

   Str:       It affects your strength (-2).
   Int:       It affects your intelligence (+5).
   Dex:       It affects your dexterity (+6).
   rF:        It protects you from fire.
   SInv:      It lets you see invisible.
Wands
 e - a wand of iceblast (49)
 n - a wand of mindburst (21)
 C - a wand of light (19)
 H - a wand of charming (45)
Scrolls
 c - 4 scrolls of enchant armour
 i - a scroll of acquirement
 m - 13 scrolls of fog
 p - a scroll of summoning
 y - 7 scrolls of teleportation
 A - 2 scrolls of immolation
 D - 9 scrolls of poison
 J - 8 scrolls of silence
 M - a scroll of amnesia
 V - 10 scrolls of fear
 W - 6 scrolls of magic mapping
Potions
 d - 2 potions of magic
 g - 9 potions of brilliance
 h - 6 potions of ambrosia
 o - 6 potions of mutation
 q - 9 potions of lignification
 s - 8 potions of resistance
 v - 2 potions of haste
 z - 8 potions of heal wounds
 B - 7 potions of berserk rage
 N - 17 potions of curing
 T - 9 potions of invisibility
 Y - 11 potions of might
 Z - 8 potions of cancellation
Miscellaneous
 l - a condenser vane
 E - a box of beasts (quivered)
 I - a lightning rod (4/4)
 X - a phantom mirror


   Skills:
 + Level 23.3 Fighting
 - Level 1.0(6.2) Short Blades
 - Level 9.9(10.0) Long Blades
 - Level 8.8(13.0) Axes
 - Level 15.0(15.8) Polearms
 - Level 3.0 Ranged Weapons
 - Level 1.0 Throwing
 - Level 17.0 Armour
 - Level 11.0 Dodging
 - Level 10.0 Stealth
 - Level 14.0 Shields
 + Level 20.1 Spellcasting
 - Level 10.0 Conjurations
 - Level 5.0 Hexes
 O Level 27 Summonings
 - Level 3.0 Necromancy
 - Level 7.0 Translocations
 - Level 6.0 Ice Magic
 - Level 14.0 Air Magic
 - Level 4.0 Poison Magic
 - Level 13.0 Invocations
 - Level 4.0 Evocations


You had 5 spell levels left.
You knew the following spells:

 Your Spells              Type           Power      Damage    Failure   Level
a - Spellforged Servitor  Conj/Summ      44%        N/A       5%          7
b - Summon Horrible Thin  Summ           52%        N/A       1%          8
c - Call Canine Familiar  Summ           100%       N/A       0%          3
d - Summon Guardian Gole  Hex/Summ       83%        N/A       1%          3
e - Poisonous Vapours     Pois/Air       100%       N/A       1%          2
f - Airstrike             Air            39%        2d(6-22)  1%          4
g - Summon Cactus Giant   Summ           52%        N/A       1%          6
h - Summon Hydra          Summ           52%        N/A       1%          7
j - Summon Forest         Summ/Tloc      42%        N/A       1%          5
k - Dragon's Call         Summ           52%        N/A       19%         9
l - Summon Lightning Spi  Summ/Air       93%        N/A       1%          4
s - Swiftness             Air            78%        N/A       1%          3

Your spell library contained the following spells:

 Spells                   Type           Power      Damage    Failure   Level
 Summon Small Mammal      Summ           100%       N/A       0%          1
 Call Imp                 Summ           100%       N/A       0%          2
 Apportation              Tloc           100%       N/A       1%          1
 Foxfire                  Conj/Fire      100%       2x1d9     1%          1
 Freeze                   Ice            100%       1d10      1%          1
 Kiss of Death            Conj/Necr      100%       2d13      1%          1
 Magic Dart               Conj           100%       1d8       1%          1
 Shock                    Conj/Air       100%       1d9       1%          1
 Slow                     Hex            100%       N/A       1%          1
 Blink                    Tloc           100%       N/A       1%          2
 Cigotuvi's Dreadful Rot  Necr/Pois/Air  100%       N/A       1%          2
 Ensorcelled Hibernation  Hex/Ice        100%       N/A       1%          2
 Momentum Strike          Conj/Tloc      100%       3d10      1%          2
 Searing Ray              Conj           100%       2d8       1%          2
 Static Discharge         Conj/Air       100%       2-7/arc   1%          2
 Dazzling Flash           Conj/Hex       100%       N/A       1%          3
 Gell's Gravitas          Tloc           58%        N/A       1%          3
 Hailstorm                Conj/Ice       61%        3d13      1%          3
 Kindle Blastsparks       Fire/Tloc/Air  100%       2d18      1%          3
 Lesser Beckoning         Tloc           100%       N/A       1%          3
 Mephitic Cloud           Conj/Pois/Air  65%        N/A       1%          3
 Teleport Other           Tloc           58%        N/A       1%          3
 Vhi's Electric Charge    Tloc/Air       100%       N/A       1%          3
 Animate Armour           Summ/Erth      100%       N/A       1%          4
 Summon Ice Beast         Ice/Summ       84%        N/A       1%          4
 Summon Mana Viper        Hex/Summ       83%        N/A       1%          5
 Arcjolt                  Conj/Air       36%        1d46      2%          5
 Lightning Bolt           Conj/Air       36%        1d54      2%          5
 Necrotise                Necr           100%       1d9       3%          1
 Frozen Ramparts          Ice            100%       1d16      3%          3
 Ozocubu's Armour         Ice            55%        N/A       3%          3
 Portal Projectile        Hex/Tloc       100%       N/A       3%          3
 Iskenderun's Mystic Bla  Conj/Tloc      63%        2d13      3%          4
 Confusing Touch          Hex            51%        N/A       4%          3
 Stone Arrow              Conj/Erth      100%       3d13      4%          3
 Tukima's Dance           Hex            51%        N/A       4%          3
 Sting                    Tmut/Pois      100%       1d8       5%          1
 Sublimation of Blood     Necr           41%        N/A       5%          2
 Fulminant Prism          Conj/Hex       30%        3d15      5%          4
 Freezing Cloud           Conj/Ice/Air   33%        6-21      5%          5
 Iskenderun's Battlesphe  Conj           67%        2d12      5%          5
 Manifold Assault         Tloc           58%        N/A       7%          4
 Passage of Golubria      Tloc           58%        N/A       7%          4
 Silence                  Hex/Air        33%        N/A       7%          5
 Vampiric Draining        Necr           41%        2d8       11%         3
 Beastly Appendage        Tmut           52%        N/A       12%         1
 Inner Flame              Hex/Fire       39%        N/A       13%         3
 Spider Form              Tmut/Pois      36%        N/A       16%         3
 Cause Fear               Hex            25%        N/A       16%         4
 Flame Wave               Conj/Fire      51%        2d13      16%         4
 Sticky Flame             Conj/Fire      51%        2d7       16%         4
 Passwall                 Tmut/Erth      21%        N/A       19%         2
 Scorch                   Fire           52%        2d8       19%         2
 Wereblood                Tmut           26%        N/A       19%         2
 Ignite Poison            Fire/Tmut/Pois 33%        N/A       22%         3
 Anguish                  Hex/Necr       23%        N/A       24%         4
 Olgreb's Toxic Radiance  Pois           46%        N/A       24%         4
 Animate Dead             Necr           41%        N/A       34%         4
 Dispel Undead            Necr           41%        3d16      34%         4
 Ice Form                 Ice/Tmut       41%        N/A       34%         4
 Metabolic Englaciation   Hex/Ice        26%        N/A       34%         5
 Leda's Liquefaction      Hex/Erth       19%        N/A       41%         4
 Fireball                 Conj/Fire      25%        3d11      41%         5
 Irradiate                Conj/Tmut      25%        3d20      41%         5
 Agony                    Necr           41%        N/A       69%         5
 Petrify                  Tmut/Erth      26%        N/A       77%         4
 Yara's Violent Unravell  Hex/Tmut       19%        3d9       77%         5
 Alistair's Intoxication  Tmut/Pois      24%        N/A       83%         5
 Borgnjor's Vile Clutch   Necr/Erth      16%        N/A       88%         5
 Blade Hands              Tmut           13%        N/A       98%         5
 Lee's Rapid Deconstruct  Erth           13%        3d9*      98%         5
 Monstrous Menagerie      Summ           52%        N/A       1%          7
 Malign Gateway           Summ/Tloc      42%        N/A       10%         7
 Conjure Ball Lightning   Conj/Air       36%        3x3d12    14%         6
 Haunt                    Necr/Summ      40%        N/A       22%         7
 Dispersal                Tloc           29%        N/A       71%         6
 Starburst                Conj/Fire      25%        6d8       94%         6
 Maxwell's Capacitive Co  Air            39%        ∞         95%         8
 Simulacrum               Ice/Necr       24%        N/A       96%         6
 Death Channel            Necr           20%        N/A       99%         6
 Storm Form               Tmut/Air       29%        N/A       99%         7
 Eringya's Noxious Bog    Tmut/Pois      18%        N/A       100%        6
 Statue Form              Tmut/Erth      17%        N/A       100%        6
 Dragon Form              Tmut           13%        N/A       100%        7
 Enfeeble                 Hex            25%        N/A       100%        7
 Ozocubu's Refrigeration  Ice            27%        4d13      100%        7
 Discord                  Hex            25%        N/A       100%        8
 Infestation              Necr           20%        N/A       100%        8
 Lehudib's Crystal Spear  Conj/Erth      25%        10d7      100%        8
 Necromutation            Tmut/Necr      16%        N/A       100%        8
 Chain Lightning          Conj/Air       36%        3d48      100%        9
 Death's Door             Necr           20%        N/A       100%        9
 Fire Storm               Conj/Fire      25%        8d7       100%        9
 Polar Vortex             Ice            27%        N/A       100%        9
 Shatter                  Erth           13%        3d13*     100%        9


Dungeon Overview and Level Annotations

Branches:
Dungeon (15/15)            Temple (1/1) D:7            Lair (5/5) D:10
 Shoals (4/4) Lair:2        Snake (4/4) Lair:3        Slime (5/5) Lair:5
    Orc (2/2) D:9             Elf (3/3) Orc:2        Vaults (5/5) D:13
  Crypt (3/3) Vaults:3       Tomb (1/3) Crypt:3      Depths (4/4) D:15
    Zot (5/5) Depths:4    Volcano (visited)          WizLab (visited)
Gauntlet (visited)

Altars:
Ashenzari
Cheibriados
Dithmenos
Elyvilon
Fedhas
Gozag
Hepliaklqana
Kikubaaqudgha
Makhleb
Nemelex Xobeh
Okawaru
Qazlal
Ru
Sif Muna
Trog
Uskayaw
Vehumet
Wu Jian
Xom
Yredelemnul
Zin
The Shining One
Jiyva

Shops:
D:6 (   D:10 ?   D:12 ?   Orc:2 [*:*[   Elf:1 [   Shoals:1 [   Snake:3 *!::
Vaults:1 :([[(   Vaults:4 *

Portals:
Hell: Depths:1 Depths:2 Depths:3 Depths:4
Abyss: Depths:3
Pandemonium: Orc:2 Depths:2 Depths:4
Ziggurat: Depths:2

Annotations:
Lair:3 2 transporters, Xeinaf's ghost, journeyman TrAr
Crypt:2 Vv
Zot:1 1 runed translucent door, Donez's ghost, legendary MiBe
Zot:2 2 transporters
Zot:5 1 exclusion


Innate Abilities, Weirdness & Mutations

You have a beak for a mouth.
You have claws for feet.
Your magical nature lets you fly swiftly and evasively.
You are partially covered in iridescent scales. (AC +2)
Your skin changes colour to match your surroundings (Stealth+).
You are clumsy. (Dex -2)
Your flesh is cold resistant. (rC+)
Your natural rate of healing is unusually fast.
You occasionally shout uncontrollably at your foes.
You are weak. (Str -2)


Message History

You swap places.
You block the reaper's attack.
Your spellforged servitor waves its arms in wide circles.
The air twists around and strikes the reaper!!
You swap places.
You block the reaper's attack.
You slash the reaper! You claw the reaper, but do no damage.
The reaper is heavily wounded.
Your spellforged servitor waves its arms in wide circles.
The air twists around and strikes the reaper!
You block the reaper's attack.
You closely miss the reaper. Your peck misses the reaper.
The reaper is severely wounded.
The reaper hits you with a +2 scythe of protection!
You hit the reaper but do no damage. You claw the reaper, but do no damage.
The reaper is severely wounded.
Your spellforged servitor waves its arms in wide circles.
The air twists around and strikes the reaper!!
Your large abomination closely misses the reaper.
You block the reaper's attack.
You hit the reaper but do no damage. You claw the reaper, but do no damage.
You peck the reaper.
The reaper is almost dead.
Your large abomination hits the reaper!
The reaper dies!
Sif Muna accepts your kill.
There is a stone staircase leading up, spattered with blood here.
You fly upwards.
Your summoned allies are left behind.
There is a stone staircase leading down here.
There is a stone staircase leading up here.
You start resting.
You hear a grinding noise. x2
A cacodemon comes into view.
You fly upwards.
There is a stone staircase leading down here.
Magic restored.
There is an open door here.
There is a stone staircase leading up here.
You fly upwards.
There is a stone staircase leading down here.
There is a staircase leading out of the dungeon here.
You have escaped!

###....# #...#######.###.#
#...######..## #.# #.#
..####)>....# #.# #.#
#####..####.# #.# #.##
......#####.# #####.# #..#
...#### #...####.....# ##.#
##.# #....#.#.##..# #.##
.#.##
#....##.#.##.####..######
.#..##
#....###@#...#..........#
.....#
#...©##©#.#.............#
.....#
##########...#..........#
####.#
##.#########.....#########
####.###.....##..........##
...#.........##...........#
....##.#.....##...........#
.....#...#....#...........#
....................>....##


There were no monsters in sight!

Vanquished Creatures
  A dread lich (Vaults:5)
  An ancient lich (Depths:4)
  Vashnia (Snake:4)
  2 Killer Klowns (Zot:5)
  A curse toe (Crypt:3)
  A caustic shrike (Depths:3)
  The ghost of Teoxt the Stormcaller, an adept OpAE of Gozag (Elf:2)
  2 tentacled monstrosities (Zot:2)
  A walking crystal tome (Depths:4)
  3 Orb Guardians (Zot:5)
  A shard shrike skeleton (Crypt:3)
  A quicksilver dragon (Vaults:5)
  3 titans (Vaults:5)
  4 liches
  A deep elf master archer (Elf:3)
  6 acid blobs (Slime:5)
  An ancient champion (Crypt:3)
  2 sphinxes
  A death cob (Zot:1)
  2 shadow dragons (Depths:4)
  A draconian monk (Zot:3)
  3 storm dragons
  2 nagarajas (Snake:4)
  5 rockslimes (Slime:5)
  A fire giant (Depths:1)
  4 vault wardens
  2 azure jellies (Slime:5)
  3 draconian knights
  3 frost giants
  A ghost moth (Zot:1)
  2 deep elf elementalists (Elf:3)
  A caustic shrike zombie (Depths:4)
  2 ghouls
  An iron dragon (Zot:4)
  3 draconian annihilators
  A draconian stormcaller (Depths:4)
  4 ironbound preservers
  9 quicksilver oozes
  A very ugly thing (Vaults:5)
  2 war gargoyles
  5 stone giants
  A juggernaut skeleton (Crypt:3)
  2 deep elf demonologists
  A minotaur (Gauntlet)
  2 white draconians
  Azrael (D:14)
  2 black draconians
  6 vampire knights
  A purple draconian (Zot:4)
  2 red draconians
  A dire elephant (Vaults:3)
  A yellow draconian (Zot:4)
  5 deep elf annihilators
  A jiangshi (Crypt:3)
  3 ettins
  4 deep elf death magi
  2 deep elf high priests (Elf:3)
  3 merfolk impalers
  A crystal guardian (Vaults:4)
  A merfolk javelineer (Shoals:4)
  5 yaktaur captains
  A fire dragon (Depths:2)
  An ice dragon (Depths:4)
  A rakshasa (Depths:3)
  A spriggan zombie (Tomb:1)
  5 great orbs of eyes
  26 vault guards
  3 peacekeepers
  3 ironbound frosthearts
  4 boulder beetles
  A fenstrider witch skeleton (Crypt:1)
  A spriggan air mage (Depths:3)
  A catoblepas (Lair:3)
  6 centaur warriors
  2 satyrs (Shoals:4)
  3 merfolk aquamancers
  A two-headed ogre (D:11)
  7 naga warriors
  A spriggan skeleton (Crypt:3)
  14 dancing weapons
  6 merfolk avatars
  A spriggan berserker (Depths:3)
  2 orc high priests
  2 deep troll shamans
  A death scarab (Tomb:1)
  4 death yaks (Lair:5)
  2 hell knights (Depths:2)
  8 deep elf knights
  6 naga sharpshooters (Snake:4)
  3 spriggans
  4 shock serpents
  3 skeletal warriors (Crypt:3)
  2 shadow wraiths (Depths:4)
  A fire crab (Shoals:3)
  Amaemon (D:8)
  3 flayed ghosts
  2 iron trolls
  4 sea snakes
  An orange crystal statue (WizLab)
  3 salamander mystics
  2 naga ritualists
  An orb spider (shapeshifter) (D:13)
  12 deep elf archers
  6 glowing orange brains
  12 deep trolls
  An anaconda skeleton (Crypt:3)
  4 lindwurms
  3 necromancers
  Pikel (D:8)
  4 harpies (Shoals:4)
  9 ironbound convokers
  2 wizards
  2 phantasmal warriors
  7 mana vipers
  10 deep elf pyromancers
  4 orc knights
  9 deep elf zephyrmancers
  4 orc sorcerers
  2 ugly things
  5 shining eyes
  5 manticores
  8 fauns (Shoals:4)
  7 moths of wrath
  A guardian serpent (Snake:4)
  A salamander (shapeshifter) (Elf:2)
  Joseph (D:8)
  4 eyes of devastation
  11 black mambas
  2 elephants
  12 vault sentinels
  4 naga magi
  2 molten gargoyles (Lair:5)
  2 merfolk sirens
  5 cane toads
  An eye of devastation (shapeshifter) (Vaults:5)
  2 orange demons
  Maggie (D:7)
  4 rime drakes
  6 komodo dragons
  A freezing wraith (Vaults:5)
  9 yaktaurs
  A guardian mummy (Crypt:3)
  A tengu conjurer (Depths:1)
  4 hornets
  A troll (D:11)
  A polar bear (Lair:2)
  9 merfolk
  A harpy skeleton (Crypt:3)
  2 wind drakes
  16 slime creatures
  Prince Ribbit (D:8)
  A snapping turtle (Shoals:2)
  An alligator skeleton (Crypt:1)
  A fire dragon skeleton (Crypt:3)
  A blink frog (Lair:2)
  An air elemental (Elf:2)
  5 wraiths
  A flying skull (Crypt:1)
  10 yaks
  3 wyverns
  8 water elementals
  2 basilisks
  4 fire bats (Volcano)
  A neqoxec (Orc:2)
  4 fire elementals
  13 golden eyes
  3 redbacks
  6 vampire mosquitoes
  4 steam dragons
  16 nagas
  An acid dragon (D:11)
  A floating eye (Depths:1)
  4 water moccasins
  3 nameless horrors
  12 orc warriors
  A large abomination (Zot:5)
  A black bear (Lair:1)
  An ice beast (D:7)
  A sky beast (D:8)
  6 wolves (Lair:1)
  5 ogres
  A snapping turtle skeleton (Crypt:2)
  A centaur (D:14)
  A lemure (D:8)
  A phantom (D:7)
  2 kobold brigands (D:9)
  A fire crab zombie (Crypt:3)
  2 scorpions
  5 bullfrogs
  A necrophage (D:5)
  An earth elemental (Elf:1)
  A scorpion (shapeshifter) (D:15)
  12 wights
  5 killer bees
  2 electric eels
  A howler monkey (D:6)
  4 lava snakes
  5 orc priests
  3 hounds
  5 orc wizards
  A tengu skeleton (Crypt:1)
  5 gnolls
  An adder (D:6)
  An ufetubus (D:11)
  A worm (D:14)
  A dart slug (D:1)
  35 orcs
  2 ball pythons (D:1)
  8 bats
  4 endoplasms
  2 giant cockroaches
  3 goblins
  4 hobgoblins (D:2)
  A jackal (D:3)
  A jackal (shapeshifter) (Vaults:5)
  8 kobolds
  A quokka (D:3)
  A ball python skeleton (Crypt:3)
  2 frilled lizards
  6 rats
767 creatures vanquished.

Vanquished Creatures (collateral kills)
  the Royal Jelly (Slime:5)
  Tiamat (Zot:1)
  3 dread liches
  7 orbs of fire
  Mennas (Vaults:2)
  Josephina (Depths:4)
  2 royal mummies (Tomb:1)
  Parghit (Zot:3)
  9 Killer Klowns (Zot:5)
  Saint Roka (Depths:4)
  Xtahua (Depths:2)
  12 golden dragons
  A bone dragon (Zot:4)
  20 tentacled monstrosities
  4 electric golems
  A moon troll (WizLab)
  3 liches
  3 titans
  22 Orb Guardians
  A shard shrike skeleton (Crypt:1)
  A walking frostbound tome (Depths:4)
  10 quicksilver dragons
  19 acid blobs
  5 deep elf blademasters
  2 death cobs
  9 tentacled starspawn (WizLab)
  3 krakens
  The ghost of Olleb the Slicer, an adept GnWn of Okawaru (Elf:1)
  13 ancient champions
  An Executioner (Zot:5)
  11 sphinxes
  11 storm dragons
  A pandemonium lord (Zot:1)
  4 tengu reavers (Vaults:5)
  The ghost of experimilk the Pyromancer, an adept DrCj of Hepliaklqana (Snake:2)
  2 nagarajas
  12 shadow dragons
  4 draconian monks
  15 azure jellies
  4 revenants
  The ghost of Liuch the Stormcaller, an adept OpAE of Gozag (Elf:2)
  10 rockslimes
  6 draconian knights
  13 fire giants
  11 frost giants
  9 deep elf sorcerers
  2 iron dragons
  A cacodemon (WizLab)
  9 vault wardens
  4 draconian scorchers
  2 ghost moths (Zot:4)
  Louise (Depths:3)
  A deep elf elementalist (Elf:3)
  2 balrugs
  5 draconian stormcallers
  An orc warlord (Vaults:1)
  7 ghouls
  2 draconian shifters
  5 spriggan defenders
  27 very ugly things
  A curse skull (Crypt:2)
  12 ironbound preservers
  17 stone giants
  8 quicksilver oozes
  5 ironbound thunderhulks
  8 draconian annihilators
  A reaper (D:4)
  A quicksilver ooze (shapeshifter) (Depths:3)
  3 green draconians
  A juggernaut skeleton (Crypt:3)
  7 war gargoyles
  5 caustic shrike skeletons
  5 deep elf demonologists (Elf:3)
  10 vampire knights
  A minotaur (Lair:1)
  8 purple draconians
  9 black draconians
  5 red draconians
  9 yellow draconians
  6 deep elf annihilators
  3 dire elephants (Vaults:3)
  11 white draconians
  The ghost of Onuviolink the Earth Mage, a journeyman DEEE of Vehumet (Elf:1)
  7 deep elf death magi
  A merfolk javelineer (Shoals:1)
  7 eidola
  9 ettins
  4 crystal guardians
  9 fire dragons
  9 mummy priests (Tomb:1)
  A merfolk impaler (Shoals:1)
  An entropy weaver (Vaults:3)
  2 deep elf high priests
  Fannar (Lair:1)
  7 great orbs of eyes
  9 yaktaur captains
  4 jiangshi
  11 vault guards
  6 ice dragons
  6 spriggan air magi
  6 hydras
  The ghost of Cancer the Geomancer, a journeyman GrEE of Vehumet (Lair:1)
  A salamander tyrant (Snake:3)
  2 rakshasas
  5 centaur warriors
  5 ironbound frosthearts
  4 merfolk avatars
  A demonspawn (Orc:2)
  3 peacekeepers
  2 ogre magi
  5 anacondas
  4 death knights
  4 alligator snapping turtles
  A spriggan skeleton (Crypt:3)
  3 catoblepae
  6 two-headed ogres
  2 boulder beetles
  13 naga warriors
  6 deep troll shamans
  A bennu skeleton (Crypt:3)
  5 tengu warriors
  5 death yaks (Lair:5)
  10 deep troll earth magi
  5 death scarabs (Tomb:1)
  2 merfolk aquamancers
  5 orc high priests
  11 dancing weapons
  3 spriggan berserkers
  Nergalle (D:12)
  11 vampire magi
  3 soul eaters
  4 titan skeletons (Crypt:3)
  4 sun demons
  7 naga sharpshooters
  Urug (Lair:1)
  3 hell knights
  12 deep elf knights
  5 spriggans
  A shock serpent (Snake:1)
  A large abomination (D:14)
  11 iron trolls
  12 sea snakes
  32 skeletal warriors
  A fire crab (Shoals:3)
  6 salamander mystics
  The ghost of sigtrap the Covert, a novice SpBr of Wu Jian (D:10)
  39 deep trolls
  2 quicksilver dragon simulacra
  A death drake (shapeshifter) (Depths:3)
  5 glowing orange brains
  A golden dragon zombie (Crypt:2)
  A bog body (Crypt:2)
  A wizard (Vaults:4)
  2 bunyip skeletons (Crypt:3)
  10 phantasmal warriors
  A spriggan simulacrum (Depths:4)
  6 flayed ghosts
  4 harpies
  19 ironbound convokers
  6 deep elf pyromancers
  An obsidian statue (Volcano)
  A golden dragon skeleton (Depths:4)
  3 lindwurms
  8 deep elf zephyrmancers
  7 naga ritualists
  6 orc knights
  6 deep elf archers
  A wolf spider zombie (Crypt:2)
  5 necromancers
  A shadow dragon skeleton (Crypt:3)
  6 mana vipers
  2 shining eyes (Slime:5)
  8 orc sorcerers
  12 fauns
  22 ugly things
  2 tengu skeletons
  5 cyclopes
  7 manticores
  11 salamanders
  5 elephants
  10 moths of wrath
  A naga zombie (Tomb:1)
  7 merfolk sirens
  A guardian serpent (Snake:3)
  A guardian serpent (shapeshifter) (Depths:3)
  29 black mambas
  3 water nymphs
  2 water nymphs (shapeshifter)
  A stone giant skeleton (Vaults:3)
  A rust devil (Depths:4)
  13 naga magi
  5 centaur skeletons
  6 eyes of devastation
  A storm dragon simulacrum (Vaults:3)
  16 vault sentinels
  A minotaur zombie (Gauntlet)
  A rime drake (shapeshifter) (Vaults:4)
  A smoke demon (Depths:4)
  5 cane toads
  A gargoyle (D:13)
  A pale draconian zombie (Crypt:2)
  An unseen horror (D:12)
  A dire elephant skeleton (Crypt:3)
  10 yaktaurs
  2 kobold demonologists (D:14)
  A hellion (Depths:1)
  9 komodo dragons
  6 freezing wraiths
  8 guardian mummies
  A rime drake (Lair:5)
  4 tengu conjurers
  A grey draconian skeleton (Crypt:1)
  A swamp worm zombie (Crypt:1)
  A red devil (Orc:2)
  A harpy zombie (Crypt:3)
  4 hornets
  17 merfolk
  5 wind drakes
  4 trolls
  A harpy skeleton (Crypt:3)
  A sea snake skeleton (Crypt:2)
  109 slime creatures
  A tengu simulacrum (Depths:4)
  4 dream sheep (Shoals:1)
  A raiju (Gauntlet)
  3 nameless horrors
  An ettin zombie (Vaults:3)
  An alligator zombie (Crypt:2)
  8 snapping turtles
  5 flying skulls
  A ynoxinul (Orc:2)
  2 air elementals
  6 ushabtiu (Tomb:1)
  A shadow (D:9)
  A culicivora (Vaults:3)
  6 water elementals
  5 wraiths
  6 wyverns
  17 yaks
  Grum (Lair:1)
  3 vampires
  4 steam dragons
  2 basilisks
  4 fire bats
  4 fire elementals
  9 golden eyes
  2 redbacks
  A faun zombie (Crypt:1)
  10 vampire mosquitoes
  A chaos spawn (Orc:2)
  2 wargs
  24 nagas
  2 swamp worms (Gauntlet)
  An acid dragon (D:12)
  8 water moccasins
  6 hell hounds
  A glowing shapeshifter skeleton (Depths:4)
  A water nymph skeleton (Crypt:1)
  3 floating eyes
  A floating eye (shapeshifter) (Zot:4)
  A swamp drake (D:10)
  5 black bears
  A black bear (shapeshifter) (D:13)
  20 orc warriors
  9 ogres
  10 wolves
  A boggart (Elf:1)
  2 centaurs
  A human skeleton (Vaults:3)
  2 lemures (D:8)
  2 kobold brigands
  An earth elemental (Elf:1)
  4 bullfrogs
  3 gnoll sergeants
  7 necrophages
  24 wights
  2 killer bees
  6 lava snakes
  A basilisk zombie (Crypt:2)
  2 jellies (D:6)
  24 orc priests
  2 hounds
  A basilisk skeleton (Crypt:2)
  13 orc wizards
  An iguana (D:4)
  2 naga skeletons (Crypt:3)
  11 mummies (Tomb:1)
  13 gnolls
  7 adders
  A worm zombie (Crypt:2)
  3 worms
  A dart slug (D:3)
  61 orcs
  10 endoplasms
  2 giant cockroaches
  4 goblins
  5 hobgoblins
  5 jackals
  5 quokkas
  3 training dummies (Elf:2)
  4 ball pythons
  A ball python skeleton (Crypt:3)
  A frilled lizard (D:2)
  A giant cockroach zombie (Crypt:2)
  13 kobolds
  An orc skeleton (Crypt:1)
  2 rats
  A river rat skeleton (Crypt:2)
  A ball lightning (Elf:2)
  9 starspawn tentacles (WizLab)
  9 tentacles
1803 creatures vanquished.

Vanquished Creatures (others)
  A dread lich (Zot:4)
  An Orb Guardian (Zot:5)
  A deep elf master archer (Elf:2)
  A vault warden (Vaults:1)
  A fire giant (Vaults:4)
  A deep elf sorcerer (Elf:3)
  The ghost of Wator the Zephyrmancer, a journeyman OpTm of Ashenzari (Elf:2)
  A caustic shrike zombie (Depths:4)
  An ironbound preserver (Vaults:4)
  A deep elf demonologist (Elf:3)
  A purple draconian (Zot:3)
  An ettin (Depths:3)
  A yaktaur captain (Vaults:1)
  A vault guard (Vaults:1)
  An ice dragon (Depths:4)
  4 anacondas
  A merfolk aquamancer (Shoals:4)
  A two-headed ogre (Volcano)
  6 death yaks (Lair:5)
  2 tengu warriors
  A naga sharpshooter (Snake:3)
  A deep elf knight (Elf:1)
  A skeletal warrior (Crypt:3)
  A sea snake (shapeshifter) (D:13)
  6 deep trolls
  A spriggan simulacrum (Depths:4)
  An orc knight (Orc:2)
  A deep elf archer (Elf:1)
  A wolf spider (Vaults:5)
  An anaconda skeleton (Crypt:1)
  An orc sorcerer (Orc:2)
  2 moths of wrath (Zot:3)
  A faun (Shoals:1)
  2 black mambas
  A vault sentinel (Vaults:3)
  A freezing wraith (Crypt:1)
  A komodo dragon (Lair:5)
  A troll (Orc:1)
  5 slime creatures
  A yak (Lair:3)
  A warg (Vaults:5)
  2 nagas
  6 orc warriors
  A centaur (D:14)
  2 orc priests (Orc:2)
  3 orc wizards
  2 orcs (Orc:2)
  5 ball lightnings (Elf:2)
  7 demonic plants (WizLab)
  29 fungi
  356 plants
  25 snaplasher vines
  19 starspawn tentacles (WizLab)
  52 tentacles
  7 toadstools (Lair:4)
  4 withered plants (Elf:2)
581 creatures vanquished.

Grand Total: 3151 creatures vanquished

Notes
Turn   | Place    | Note
-------+----------+-------------------------------------------
     0 | D:1      | Lobster4 the Tengu Summoner began the quest for the Orb.
     0 | D:1      | Reached XP level 1. HP: 10/10 MP: 4/4
   131 | D:1      | Reached XP level 2. HP: 13/16 MP: 3/6
   135 | D:1      | Learned a level 2 spell: Call Imp
   187 | D:1      | Reached skill level 5 in Summonings
   710 | D:2      | Reached XP level 3. HP: 20/20 MP: 4/7
  1127 | D:2      | Reached skill level 1 in Ranged Weapons
  1147 | D:2      | Reached skill level 1 in Fighting
  1177 | D:2      | Reached skill level 1 in Armour
  1397 | D:2      | Found a faded altar of an unknown god.
  1483 | D:2      | Reached XP level 4. HP: 25/25 MP: 6/8
  1777 | D:2      | Learned a level 3 spell: Call Canine Familiar
  1955 | D:2      | Learned a level 2 spell: Poisonous Vapours
  2494 | D:3      | Reached skill level 1 in Air Magic
  2494 | D:3      | Gained mutation: Your magical nature lets you fly swiftly
                  | and evasively. [Tengu growth]
  2494 | D:3      | Reached XP level 5. HP: 29/29 MP: 4/9
  3193 | D:4      | Reached skill level 1 in Short Blades
  3269 | D:4      | Reached skill level 1 in Poison Magic
  3269 | D:4      | Reached XP level 6. HP: 12/35 MP: 7/11
  4325 | D:5      | Entered Level 5 of the Dungeon
  4389 | D:5      | Reached XP level 7. HP: 40/40 MP: 2/12
  4514 | D:5      | Reached skill level 6 in Summonings
  4962 | D:5      | Reached XP level 8. HP: 46/46 MP: 7/14
  5187 | D:5      | Identified the +5 ring mail of Vexation {rElec Str+4
                  | Stlth+}
  5719 | D:6      | Reached skill level 1 in Throwing
  6390 | D:6      | Found Qakli's Weapon Shoppe.
  6498 | D:6      | Reached skill level 7 in Summonings
  6498 | D:6      | Reached skill level 1 in Evocations
  7136 | D:7      | Reached skill level 1 in Shields
  7136 | D:7      | Reached skill level 5 in Air Magic
  7136 | D:7      | Reached XP level 9. HP: 41/52 MP: 13/16
  7261 | D:7      | Reached skill level 1 in Polearms
  7731 | D:7      | Noticed Maggie
  7736 | D:7      | Killed Maggie
  8384 | D:7      | Found a staircase to the Ecumenical Temple.
  8393 | Temple   | Entered the Ecumenical Temple
  8523 | Temple   | Became a worshipper of Sif Muna the Loreminder
  8621 | D:7      | Noticed a cyclops
  8816 | D:7      | Reached skill level 5 in Armour
  9088 | D:8      | Noticed Pikel
  9210 | D:8      | Noticed Joseph
  9213 | D:8      | Noticed Prince Ribbit
  9295 | D:8      | Killed Prince Ribbit
  9416 | D:7      | Reached skill level 5 in Spellcasting
  9558 | D:8      | Reached skill level 5 in Fighting
  9558 | D:8      | Reached skill level 8 in Summonings
  9558 | D:8      | Reached XP level 10. HP: 52/59 MP: 8/18
  9875 | D:8      | Noticed Amaemon
  9878 | D:8      | Noticed an orange demon
  9886 | D:8      | Killed Pikel
  9889 | D:8      | Killed an orange demon
  9893 | D:8      | Killed Amaemon
 10049 | D:8      | Killed Joseph
 10592 | D:9      | Reached skill level 9 in Summonings
 10592 | D:9      | Reached skill level 1 in Invocations
 10689 | D:9      | Reached * piety under Sif Muna
 10825 | D:9      | Found a blossoming altar of Fedhas.
 10825 | D:9      | Found a snail-covered altar of Cheibriados.
 10893 | D:9      | Reached XP level 11. HP: 42/64 MP: 19/19
 11119 | D:9      | Found a staircase to the Orcish Mines.
 11706 | D:10     | Entered Level 10 of the Dungeon
 11708 | D:10     | Found Tosuskod's Magic Scroll Shop.
 11759 | D:10     | Found a transporter.
 11768 | D:10     | Noticed a tengu warrior
 11771 | D:10     | Noticed sigtrap's ghost (novice SpBr)
 11773 | D:10     | Found a bloodstained altar of Trog.
 11794 | D:10     | Found a transporter.
 11794 | D:10     | Noticed a two-headed ogre
 11822 | D:10     | Noticed a moth of wrath
 11859 | D:10     | Reached skill level 5 in Shields
 11931 | D:10     | Reached ** piety under Sif Muna
 12608 | D:10     | Bought a scroll of poison for 40 gold pieces
 12615 | D:10     | Bought a scroll of enchant armour for 75 gold pieces
 12659 | D:10     | Learned a level 4 spell: Summon Lightning Spire
 13055 | D:10     | Identified the +7 halberd of Zeicov {vorpal, *Rage rPois
                  | Str+3 Dex+9}
 13109 | D:10     | Learned a level 3 spell: Swiftness
 13165 | D:10     | Found a glowing golden altar of the Shining One.
 13574 | D:10     | Found a broken altar of Ashenzari.
 13644 | D:10     | Reached skill level 10 in Summonings
 13917 | D:10     | Found a staircase to the Lair.
 14196 | D:11     | Noticed a cyclops
 14204 | D:11     | Killed a cyclops
 14215 | D:11     | Identified a scroll of acquirement
 14234 | D:11     | Noticed a boulder beetle
 14397 | D:11     | Noticed a green ugly thing
 14406 | D:11     | Found a flickering gateway to a bazaar.
 14415 | Bazaar   | Entered a bazaar
 14500 | Bazaar   | Found Vameon's Antique Weapon Emporium.
 14512 | Bazaar   | Found Icrecw's Antique Weapon Shoppe.
 14527 | Bazaar   | Found Fafaiweu's Antique Armour Shoppe.
 14539 | Bazaar   | Found Lanuw's Antique Armour Emporium.
 14544 | Bazaar   | Bought a pair of glowing gloves for 165 gold pieces
 14559 | Bazaar   | Bought a warped scale mail for 252 gold pieces
 14559 | Bazaar   | Identified the +4 scale mail of Catatonia {Str+5} (You
                  | bought it in a shop in a bazaar)
 14708 | D:11     | Killed a green ugly thing
 14723 | D:11     | Noticed a manticore
 14744 | D:11     | Killed a manticore
 15011 | D:11     | Noticed a two-headed ogre
 15022 | D:11     | Killed a two-headed ogre
 15177 | D:11     | Noticed a two-headed ogre
 15235 | D:11     | Killed a two-headed ogre
 15236 | D:11     | Reached XP level 12. HP: 72/72 MP: 8/21
 15390 | D:11     | Killed a boulder beetle
 15638 | D:11     | Reached *** piety under Sif Muna
 15960 | D:12     | Reached skill level 1 in Hexes
 16651 | D:12     | Noticed Nergalle
 16694 | D:12     | Noticed a boulder beetle
 16706 | D:12     | Killed a boulder beetle
 16980 | D:12     | Found Zeonif's Magic Scroll Shop.
 17300 | Lair:1   | Entered Level 1 of the Lair of Beasts
 17395 | D:10     | Bought a scroll of identify for 20 gold pieces
 17488 | Lair:1   | Noticed Fannar
 17504 | Lair:1   | Killed Fannar
 17638 | Lair:1   | Noticed Cancer's ghost (journeyman GrEE)
 17640 | Lair:1   | Noticed a minotaur
 17650 | Lair:1   | Found a runed translucent gate.
 17650 | Lair:1   | Found a runed translucent gate.
 17654 | Lair:1   | Noticed a five-headed hydra
 17676 | Lair:1   | Killed a five-headed hydra
 17677 | Lair:1   | Reached skill level 11 in Summonings
 17677 | Lair:1   | Reached skill level 10 in Air Magic
 17950 | Lair:1   | Found a runed translucent gate.
 18077 | Lair:1   | Learned a level 3 spell: Summon Guardian Golem
 18267 | Lair:1   | Noticed Grum
 18287 | Lair:1   | Killed Grum
 18288 | Lair:1   | Reached skill level 5 in Invocations
 18459 | Lair:1   | Noticed Urug
 18599 | Lair:1   | Reached XP level 13. HP: 57/79 MP: 13/23
 18916 | Lair:2   | Found a burning altar of Makhleb.
 19403 | Lair:2   | Reached **** piety under Sif Muna
 19506 | Lair:2   | Found a staircase to the Shoals.
 20243 | Lair:3   | HP: 3/79 [black mamba (11)]
 20482 | Lair:3   | Reached skill level 5 in Polearms
 20710 | Orc:1    | Entered Level 1 of the Orcish Mines
 20752 | Orc:1    | Noticed an ettin
 20762 | Orc:1    | Paralysed by an orc sorcerer for 5 turns
 20766 | Orc:1    | Killed an ettin
 21000 | Orc:2    | Entered Level 2 of the Orcish Mines
 21244 | Orc:2    | Found Nenuv's Armour Boutique.
 22095 | Orc:2    | Reached skill level 12 in Summonings
 22134 | Orc:2    | Reached ***** piety under Sif Muna
 22515 | Orc:2    | Found Racelleu's General Store.
 22518 | Orc:2    | Found Siemun's General Store.
 22543 | Orc:2    | Received a gift from Sif Muna
 22546 | Orc:2    | Got Sif Muna's Almanac of Shivering Changing {god gift}
 22867 | Orc:2    | Found a staircase to the Elven Halls.
 23045 | Orc:2    | Reached skill level 10 in Armour
 23718 | Orc:2    | Reached XP level 14. HP: 69/87 MP: 14/27
 23819 | Orc:2    | Reached skill level 10 in Fighting
 23819 | Orc:2    | Reached skill level 13 in Summonings
 23970 | Orc:2    | Found Katapn's Antique Armour Boutique.
 23970 | Orc:2    | Found Arruw's Book Shop.
 23977 | Orc:2    | Found a one-way gate leading to the halls of Pandemonium.
 24556 | Orc:1    | Paralysed by an orc sorcerer for 4 turns
 24938 | Orc:1    | Received a gift from Sif Muna
 24940 | Orc:1    | Got Sif Muna's Omnibus of the Loathsome Storm {god gift}
 25424 | Lair:3   | Learned a level 4 spell: Summon Ice Beast
 25596 | Lair:3   | Reached skill level 14 in Summonings
 25827 | Lair:3   | Found a transporter.
 25837 | Lair:3   | Found a transporter.
 25953 | Lair:3   | Found a staircase to the Snake Pit.
 26241 | Lair:3   | Reached skill level 1 in Ice Magic
 26358 | Lair:3   | Noticed a quicksilver ooze
 26358 | Lair:3   | a quicksilver ooze changed into a radroach
 26546 | Lair:4   | Found a gate leading to a gauntlet.
 26571 | Gauntlet | Entered a Gauntlet
 26571 | Gauntlet | Found a transporter.
 26571 | Gauntlet | Found a transporter.
 26571 | Gauntlet | Found a transporter.
 26591 | Gauntlet | Found a transporter.
 26594 | Gauntlet | Found a transporter.
 26602 | Gauntlet | Found a transporter.
 26605 | Gauntlet | Found a transporter.
 26609 | Gauntlet | Found a runed translucent door.
 26612 | Gauntlet | Found a runed translucent door.
 26612 | Gauntlet | Found the +7 lajatang of Order {silver, rMut}
 26613 | Gauntlet | Found a transporter.
 26629 | Gauntlet | Found a large runed translucent door.
 26630 | Gauntlet | Found a large runed translucent door.
 26631 | Gauntlet | Found a large runed translucent door.
 26632 | Gauntlet | Found a runed translucent gate.
 26633 | Gauntlet | Found a transporter.
 26633 | Gauntlet | Found a runed translucent gate.
 26634 | Gauntlet | Found a runed translucent gate.
 26635 | Gauntlet | Found a large runed translucent door.
 26636 | Gauntlet | Found a large runed translucent door.
 26637 | Gauntlet | Found a large runed translucent door.
 26646 | Gauntlet | Found a large runed translucent door.
 26647 | Gauntlet | Found a large runed translucent door.
 26647 | Gauntlet | Found a large runed translucent door.
 26647 | Gauntlet | Found a runed translucent door.
 26648 | Gauntlet | Found a large runed translucent door.
 26649 | Gauntlet | Found a large runed translucent door.
 26651 | Gauntlet | Found a transporter.
 26655 | Gauntlet | Found a transporter.
 26665 | Gauntlet | Found a transporter.
 26716 | Gauntlet | Found a large runed translucent door.
 26717 | Gauntlet | Found a large runed translucent door.
 26718 | Gauntlet | Found a large runed translucent door.
 26718 | Gauntlet | Found a large runed translucent door.
 26718 | Gauntlet | Found a runed translucent door.
 26719 | Gauntlet | Found a large runed translucent door.
 26834 | Gauntlet | Identified the ring "Yfiuw" {Ice rPois}
 27893 | Lair:5   | Entered Level 5 of the Lair of Beasts
 27924 | Lair:4   | Reached skill level 5 in Dodging
 28106 | Lair:5   | Found a dark tunnel.
 28175 | Volcano  | Entered a volcano
 28562 | Volcano  | Noticed a red draconian
 28784 | Volcano  | Killed a red draconian
 29016 | Volcano  | Found a bloodstained altar of Trog.
 29401 | Lair:4   | Reached XP level 15. HP: 85/95 MP: 4/28
 29732 | Lair:4   | Reached skill level 5 in Stealth
 29839 | Lair:4   | Found a runed translucent door.
 30573 | Lair:5   | Found a staircase to the Slime Pits.
 30573 | Lair:5   | Found a viscous altar of Jiyva.
 31710 | Lair:5   | Found a large runed translucent door.
 31710 | Lair:5   | Found a large runed translucent door.
 31730 | Lair:5   | Received a gift from Sif Muna
 32029 | Lair:5   | Reached skill level 15 in Summonings
 32807 | D:12     | Killed Nergalle
 33587 | D:13     | Found a gate to the Vaults.
 34299 | D:14     | Noticed Azrael
 34980 | D:14     | Found a broken altar of Ashenzari.
 35516 | D:14     | Killed Azrael
 36189 | D:14     | Found a snail-covered altar of Cheibriados.
 36413 | D:7      | Reached XP level 16. HP: 86/101 MP: 22/29
 36997 | Lair:1   | Killed Urug
 37220 | Lair:1   | Killed Cancer's ghost
 37321 | Lair:3   | Noticed Xeinaf's ghost (journeyman TrAr)
 37334 | Snake:1  | Entered Level 1 of the Snake Pit
 38450 | Snake:1  | Learned a level 4 spell: Airstrike
 39480 | Snake:1  | Received a gift from Sif Muna
 39481 | Snake:1  | Got Sif Muna's Tractate on Gritty Execration {god gift}
 40213 | Snake:2  | Found a runed translucent door.
 40218 | Snake:2  | Noticed experimilk's ghost (adept DrCj)
 40646 | Snake:2  | Reached skill level 5 in Hexes
 41499 | Snake:2  | Killed experimilk's ghost
 41974 | Snake:3  | Noticed a nagaraja
 42180 | Snake:3  | Killed a nagaraja
 42312 | Snake:3  | Reached skill level 16 in Summonings
 42584 | Snake:3  | Found Wiucaer's Book Shop.
 42944 | Snake:3  | Found Yleneuda's Book Shop.
 42944 | Snake:3  | Found Affir's Assorted Antiques.
 42947 | Snake:3  | Found Zuttac's Distillery.
 42964 | Snake:3  | Bought a potion of curing for 45 gold pieces
 42964 | Snake:3  | Bought a potion of curing for 45 gold pieces
 43583 | Snake:3  | Found a hazy altar of Hepliaklqana.
 43979 | Snake:3  | Reached XP level 17. HP: 94/108 MP: 26/30
 44628 | Snake:3  | Learned a level 6 spell: Summon Cactus Giant
 44669 | Snake:4  | Entered Level 4 of the Snake Pit
 45029 | D:15     | Entered Level 15 of the Dungeon
 46033 | D:15     | Found a staircase to the Depths.
 46121 | D:15     | Reached skill level 10 in Polearms
 46573 | D:15     | Received a gift from Sif Muna
 46574 | D:15     | Got Sif Muna's Folio of Maleficent Liturgies {god gift}
 47372 | Shoals:1 | Entered Level 1 of the Shoals
 48439 | Shoals:1 | Found Mwindo's Dragon-Slaying Spoils.
 50447 | Shoals:2 | Noticed a kraken
 50605 | Shoals:2 | Killed a kraken
 50700 | Shoals:2 | Received a gift from Sif Muna
 50812 | Shoals:2 | Noticed a kraken
 50989 | Shoals:2 | Killed a kraken
 52245 | Shoals:3 | Noticed a kraken
 53755 | Shoals:4 | Entered Level 4 of the Shoals
 53958 | Shoals:4 | Reached XP level 18. HP: 114/114 MP: 14/32
 54407 | Shoals:4 | Identified the ring of Ikil {rC+ Will+ Str+4}
 55712 | Shoals:4 | Reached skill level 10 in Spellcasting
 55721 | Shoals:4 | Got Cemotud's Octavo of Fulgurous Ensorcelling
 57126 | Shoals:4 | Got a barnacled rune of Zot
 59137 | Snake:3  | Reached skill level 17 in Summonings
 60216 | Snake:4  | Received a gift from Sif Muna
 60217 | Snake:4  | Got Sif Muna's Book of Illusion {god gift}
 61572 | Snake:4  | Reached skill level 10 in Dodging
 61847 | Snake:4  | Reached XP level 19. HP: 118/120 MP: 17/34
 61850 | Snake:4  | Noticed Vashnia
 62309 | Snake:4  | Killed Vashnia
 62705 | Snake:4  | Reached skill level 10 in Stealth
 63679 | Snake:4  | Got a serpentine rune of Zot
 64106 | Elf:1    | Entered Level 1 of the Elven Halls
 64595 | Elf:1    | Found a runed translucent gate.
 64595 | Elf:1    | Found a runed translucent gate.
 64597 | Elf:1    | Found a runed translucent gate.
 65790 | Elf:1    | Noticed Onuviolink's ghost (journeyman DEEE)
 65790 | Elf:1    | Noticed Olleb's ghost (adept GnWn)
 65928 | Elf:1    | Paralysed by an air elemental for 1 turns
 66532 | Elf:1    | Found Xesuup's Armour Shoppe.
 67173 | Elf:2    | Found a runed translucent gate.
 67173 | Elf:2    | Found a runed translucent gate.
 67173 | Elf:2    | Found a runed translucent gate.
 67176 | Elf:2    | Noticed Wator's ghost (journeyman OpTm)
 67176 | Elf:2    | Noticed Liuch's ghost (adept OpAE)
 67181 | Elf:2    | Noticed Teoxt's ghost (adept OpAE)
 67469 | Elf:2    | Paralysed by an air elemental for 1 turns
 67809 | Elf:2    | Paralysed by an air elemental for 1 turns
 67814 | Elf:2    | Paralysed by an air elemental for 1 turns
 67815 | Elf:2    | Received a gift from Sif Muna
 67944 | Elf:2    | Got Bychusm's Dissertation on Collective Ensorcelling {god
                  | gift}
 68672 | Elf:2    | Found a huge runed translucent gate.
 68672 | Elf:2    | Found a huge runed translucent gate.
 68672 | Elf:2    | Found a huge runed translucent gate.
 68672 | Elf:2    | Found a huge runed translucent gate.
 68673 | Elf:2    | Found a huge runed translucent gate.
 69098 | Elf:2    | Reached skill level 18 in Summonings
 70590 | Elf:3    | Entered Level 3 of the Elven Halls
 70834 | Elf:3    | Reached XP level 20. HP: 128/128 MP: 8/35
 71661 | Elf:3    | Identified the ring "Riviffoa" {rF+ Dex+4}
 71966 | Elf:3    | Reached skill level 15 in Polearms
 72313 | Elf:3    | Identified the ring "Buamanwe" {rF+ Str-2 Int+5 Dex+6 SInv}
 72798 | Elf:3    | Reached skill level 15 in Fighting
 72972 | Elf:3    | Identified the +0 hand axe "Guviclun" {drain, rN+ Int+4}
 73226 | Elf:3    | Noticed a Tzitzimitl
 73243 | Elf:3    | Identified the +1 robe of Watchfulness {Contam rF+ Dex+2}
 73677 | Elf:3    | Identified the +6 sling of Reinforcement {elec, Str+4}
 74280 | Elf:3    | Identified the +9 short sword of Zeaxau {antimagic, *Noise
                  | Will+++ Str+4}
 74351 | Elf:3    | Identified the ring "Guytatsu" {Ice Will+}
 74533 | Elf:3    | Identified the +7 falchion of Theory {pain, rN+ Will+ MP+9}
 74698 | Elf:3    | Noticed a Tzitzimitl
 75042 | Elf:3    | Reached skill level 10 in Shields
 75108 | Elf:3    | Reached skill level 1 in Long Blades
 75903 | Elf:3    | Identified the +1 ring mail of Makhleb's Outrage {rN+}
 76069 | Orc:2    | Bought a scroll of teleportation for 51 gold pieces
 76194 | D:10     | Bought a scroll of teleportation for 30 gold pieces
 76264 | D:12     | Bought a scroll of teleportation for 33 gold pieces
 76376 | D:10     | Killed sigtrap's ghost
 76681 | Orc:2    | Bought the +1 cloak of Starlight {*Dazzle EV+4 Stlth--} for
                  | 884 gold pieces
 76681 | Orc:2    | Found the +1 cloak of Starlight {*Dazzle EV+4 Stlth--}
 76919 | Vaults:1 | Entered Level 1 of the Vaults
 77328 | Vaults:1 | Reached skill level 1 in Necromancy
 77577 | Vaults:1 | Found Ydoyg's Antique Weapon Boutique.
 77580 | Vaults:1 | Bought a crude flail for 340 gold pieces
 77580 | Vaults:1 | Identified the +6 flail "Ofeoqune" {drain, *Rage rF+ Str+3}
                  | (You bought it in a shop on level 1 of the Vaults)
 77580 | Vaults:1 | Bought a jewelled broad axe for 360 gold pieces
 77580 | Vaults:1 | Identified the +6 broad axe of Immorality {flame, +Blink
                  | rElec rF+} (You bought it in a shop on level 1 of the
                  | Vaults)
 78094 | Vaults:1 | Reached skill level 1 in Axes
 78268 | Vaults:1 | Reached skill level 19 in Summonings
 78396 | Vaults:1 | Found Olesuoh's Antique Weapon Emporium.
 78396 | Vaults:1 | Found Baher's Book Shoppe.
 78411 | Vaults:1 | Bought a fine short sword for 288 gold pieces
 78411 | Vaults:1 | Identified the +4 short sword "Killer Bee's Foe" {freeze,
                  | rN+} (You bought it in a shop on level 1 of the Vaults)
 78411 | Vaults:1 | Bought a transparent rapier for 324 gold pieces
 78411 | Vaults:1 | Identified the +5 rapier "Starlight" {vorpal, *Noise rC+++
                  | Will++ Dex-3} (You bought it in a shop on level 1 of the
                  | Vaults)
 78735 | Vaults:1 | Found Zeoskonk's Antique Armour Emporium.
 78760 | Vaults:1 | Bought a colourful robe for 188 gold pieces
 78760 | Vaults:1 | Identified the +1 robe of the Disturbing Artists {rC+ Str+2
                  | Dex+4} (You bought it in a shop on level 1 of the Vaults)
 79224 | Vaults:1 | Reached XP level 21. HP: 131/135 MP: 22/37
 80181 | Vaults:1 | Found Ohoy's Antique Armour Shop.
 80186 | Vaults:1 | Bought a twisted robe for 125 gold pieces
 80186 | Vaults:1 | Identified the +1 robe "Ippot" {Int+9} (You bought it in a
                  | shop on level 1 of the Vaults)
 81016 | Vaults:2 | Received a gift from Sif Muna
 81017 | Vaults:2 | Got Sif Muna's Compendium of Unified Profane Rites {god
                  | gift}
 81133 | Vaults:2 | Learned a level 7 spell: Summon Hydra
 81134 | Vaults:2 | Reached skill level 5 in Axes
 81343 | Vaults:2 | Reached skill level 5 in Long Blades
 83649 | Vaults:3 | Noticed Mennas
 84419 | Vaults:3 | Received a gift from Sif Muna
 85401 | Vaults:3 | Found a staircase to the Crypt.
 85935 | Vaults:4 | Identified the +2 pair of gloves of Hedonism {rCorr Dex+2}
 85970 | Vaults:4 | Reached skill level 20 in Summonings
 85970 | Vaults:4 | Reached XP level 22. HP: 129/143 MP: 16/38
 86892 | Vaults:4 | Reached skill level 10 in Invocations
 88334 | Vaults:4 | Found Esiokox's General Store.
 88470 | Crypt:1  | Entered Level 1 of the Crypt
 88746 | Depths:1 | Entered Level 1 of the Depths
 89154 | D:15     | Received a gift from Sif Muna
 89172 | D:15     | Got Ehia's Anthology of Kinetic Invitation {god gift}
 89377 | Depths:1 | Reached skill level 21 in Summonings
 89427 | Depths:1 | Found a magical portal.
 89436 | WizLab   | Entered Lehudib's Moon Base
 91302 | WizLab   | Identified the ring "Caotui" {rF+ AC+4}
 91461 | WizLab   | Found a transporter.
 91664 | WizLab   | Reached skill level 22 in Summonings
 92309 | WizLab   | Found a transporter.
 92658 | Depths:1 | Received a gift from Sif Muna
 92659 | Depths:1 | Got Sif Muna's Essays on the Impact {god gift}
 92966 | Depths:1 | Found a gateway to Hell.
 93201 | Depths:1 | Reached XP level 23. HP: 151/151 MP: 36/39
 93367 | Depths:1 | Found a radiant altar of Vehumet.
 94138 | Depths:2 | Reached skill level 1 in Translocations
 94251 | Depths:2 | Found a one-way gateway to a ziggurat.
 94601 | Depths:2 | Noticed a golden dragon
 95140 | Depths:2 | Reached skill level 23 in Summonings
 95299 | Depths:2 | Killed a golden dragon
 95923 | Depths:2 | Identified the +10 chain mail of Bedevilment {Stlth+}
 95925 | Depths:2 | Paralysed by a floating eye for 3 turns
 97023 | Depths:2 | Learned a level 5 spell: Summon Forest
 97079 | Depths:3 | Noticed Xtahua
 97127 | Depths:2 | Killed Xtahua
 97323 | Depths:2 | Received a gift from Sif Muna
 97325 | Depths:2 | Got Sif Muna's Vellum of Enchanting Rallying {god gift}
 97410 | Depths:3 | Noticed Louise
 97420 | Depths:3 | Killed Louise
 97692 | Depths:3 | Found a one-way gate to the infinite horrors of the Abyss.
 99118 | Depths:3 | Noticed a golden dragon
 99129 | Depths:3 | Killed a golden dragon
 99132 | Depths:3 | Noticed a golden dragon
 99331 | Depths:3 | Reached skill level 24 in Summonings
 99583 | Depths:3 | Killed a golden dragon
 99695 | Depths:3 | Reached XP level 24. HP: 144/159 MP: 36/39
100065 | Depths:3 | Noticed a caustic shrike
100076 | Depths:3 | Killed a caustic shrike
100169 | Depths:3 | Identified the amulet "Oprimod" {rElec rF+ Regen+ Int+3}
100816 | Elf:2    | Killed Wator's ghost
100827 | Elf:2    | Killed Liuch's ghost
100833 | Elf:2    | Killed Teoxt's ghost
100874 | Elf:2    | Identified the +4 robe of the Hills {Str+3 Stlth+}
102377 | Depths:3 | Found the +8 longbow "Zephyr" {speed, Dex+3 SInv}
102439 | Depths:3 | Received a gift from Sif Muna
102440 | Depths:3 | Got Sif Muna's Folio of Floating Convocation {god gift}
102639 | Depths:4 | Entered Level 4 of the Depths
103295 | Depths:4 | Identified the ring "Idem Xis" {Ice +Blink Str+4 Int-4}
103295 | Depths:4 | Noticed Josephina
103736 | Depths:4 | Killed Josephina
104292 | Depths:4 | Reached skill level 25 in Summonings
105391 | Depths:4 | Found a gate to the Realm of Zot.
105394 | Depths:4 | Noticed an ancient lich
105813 | Depths:4 | Noticed Saint Roka
105828 | Depths:4 | Killed Saint Roka
106024 | Depths:4 | Killed an ancient lich
106145 | Depths:4 | Got the Compendium of the Mausoleum
106340 | Depths:4 | Found a basalt altar of Yredelemnul.
106584 | Depths:4 | Received a gift from Sif Muna
106585 | Depths:4 | Got Sif Muna's Precepts of the Nimbus {god gift}
107165 | Elf:1    | Killed Onuviolink's ghost
107198 | Elf:1    | Killed Olleb's ghost
108152 | Vaults:2 | Killed Mennas
108512 | Shoals:1 | Bought the +0 pearl dragon scales of Lifelessness {rN+
                  | Regen+ MP+9} for 1645 gold pieces
109394 | Crypt:1  | Reached skill level 26 in Summonings
109394 | Crypt:1  | Reached skill level 5 in Ice Magic
109402 | Crypt:1  | Reached XP level 25. HP: 165/165 MP: 40/40
110100 | Crypt:1  | Received a gift from Sif Muna
110101 | Crypt:1  | Got Sif Muna's Thaumaturgy, Part Four {god gift}
111696 | Crypt:2  | Noticed Vv
112790 | Crypt:3  | Entered Level 3 of the Crypt
113627 | Crypt:3  | Received a gift from Sif Muna
113628 | Crypt:3  | Got Sif Muna's Tome of Lethal Attendants {god gift}
114097 | Crypt:3  | Reached skill level 27 in Summonings
114662 | Crypt:3  | Found a staircase to the Tomb.
115382 | Crypt:3  | Identified the +9 mace of Anguish {drain, rC+ Str+2}
115460 | Crypt:3  | Noticed a dread lich
115472 | Crypt:3  | Killed a dread lich
115562 | Crypt:3  | Identified the ring of the Threshing Saviour {rN+ Str+3}
115562 | Crypt:3  | Identified the ring "Herubbu" {Fly rF- rC- rN+ Int+8}
116117 | Slime:1  | Entered Level 1 of the Pits of Slime
116139 | Slime:1  | Received a gift from Sif Muna
116140 | Slime:1  | Got Sif Muna's Monograph on the Displaced Grave {god gift}
116430 | Slime:2  | Reached XP level 26. HP: 174/174 MP: 38/41
116545 | Slime:2  | Gained mutation: You are frail. (-10% HP) [a shining eye]
116851 | Slime:3  | Gained mutation: You are weak. (Str -2) [a shining eye]
116873 | Slime:3  | Gained mutation: Your body sometimes deteriorates upon
                  | taking damage. [a shining eye]
116882 | Slime:3  | Gained mutation: Your body often deteriorates upon taking
                  | damage. [a shining eye]
117448 | D:5      | Lost mutation: Your body often deteriorates upon taking
                  | damage. [potion of mutation]
117448 | D:5      | Lost mutation: Your body sometimes deteriorates upon taking
                  | damage. [potion of mutation]
117448 | D:5      | Lost mutation: You are frail. (-10% HP) [potion of
                  | mutation]
117448 | D:5      | Gained mutation: You are clumsy. (Dex -2) [potion of
                  | mutation]
117449 | D:5      | Lost mutation: You are weak. (Str -2) [potion of mutation]
117449 | D:5      | Lost mutation: You are clumsy. (Dex -2) [potion of
                  | mutation]
117449 | D:5      | Gained mutation: Your flesh is cold resistant. (rC+)
                  | [potion of mutation]
117449 | D:5      | Gained mutation: You are strong-willed. (Will+) [potion of
                  | mutation]
117449 | D:5      | Gained mutation: Your muscles are strong. (Str +4, Int/Dex
                  | -1) [potion of mutation]
117810 | Vaults:5 | Entered Level 5 of the Vaults
117912 | Vaults:5 | Noticed a dread lich
118002 | Vaults:5 | Received a gift from Sif Muna
118006 | Vaults:5 | Killed a dread lich
119150 | Vaults:5 | Identified the ring of Casidera {Fire Will- Str-3 Int+7
                  | SInv}
119694 | Vaults:5 | Identified the ring of Sebbu {EV+4 Str+4}
119847 | Vaults:5 | Reached skill level 15 in Armour
119965 | Vaults:5 | Reached skill level 15 in Spellcasting
120197 | Vaults:5 | Identified the +0 robe of the Moon {rF+}
120202 | Vaults:5 | Received a gift from Sif Muna
120370 | Vaults:5 | Identified the +6 plate armour of the Equator {+Inv rPois
                  | Int+4}
121074 | Vaults:5 | Identified the +0 robe "Unafurgh" {rC+ Str+6}
121271 | Vaults:5 | Got a silver rune of Zot
121517 | Vaults:5 | Acquired the +6 scale mail "Gomisy" {*Slow rN+++ rCorr
                  | Stlth+}
121895 | Zot:1    | Entered Level 1 of the Realm of Zot
121981 | Zot:1    | Learned a level 9 spell: Dragon's Call
122100 | Zot:1    | Found the +4 dragonskin cloak
122100 | Zot:1    | Noticed Tiamat
123683 | Slime:3  | Found a viscous altar of Jiyva.
123927 | Slime:3  | You are sucked into a shaft and drop 1 floor!
124320 | Slime:2  | Gained mutation: You occasionally shout uncontrollably at
                  | your foes. [a shining eye]
124943 | Slime:1  | Reached XP level 27. HP: 182/182 MP: 43/43
125607 | Slime:5  | Entered Level 5 of the Pits of Slime
126232 | Slime:5  | Gained mutation: Your natural rate of healing is unusually
                  | fast. [a shining eye]
126238 | Slime:5  | Noticed the Royal Jelly
126240 | Slime:5  | Received a gift from Sif Muna
126241 | Slime:5  | Got Toread's Atlas of the Polar Barrage {god gift}
126246 | Slime:5  | Found a viscous altar of Jiyva.
126246 | Slime:5  | Found the +8 storm bow {elec, penet}
126249 | Slime:5  | Gained mutation: Your body sometimes deteriorates upon
                  | taking damage. [a shining eye]
127519 | Slime:5  | Killed the Royal Jelly
127590 | Slime:5  | Got a slimy rune of Zot
127669 | Slime:5  | Identified the amulet of the Tempest {Acrobat Fly rF+}
127919 | Slime:5  | Lost mutation: Your muscles are strong. (Str +4, Int/Dex
                  | -1) [potion of mutation]
127919 | Slime:5  | Lost mutation: You are strong-willed. (Will+) [potion of
                  | mutation]
127919 | Slime:5  | Lost mutation: Your body sometimes deteriorates upon taking
                  | damage. [potion of mutation]
127919 | Slime:5  | Gained mutation: Your skin changes colour to match your
                  | surroundings (Stealth+). [potion of mutation]
128497 | Tomb:1   | Entered Level 1 of the Tomb of the Ancients
128972 | Tomb:1   | Reached skill level 1 in Conjurations
129775 | Tomb:1   | Noticed a royal mummy
130063 | Tomb:1   | Killed a royal mummy
130848 | Tomb:1   | Received a gift from Sif Muna
130852 | Tomb:1   | Got Sif Muna's Discursus on the Voyage and the Caves {god
                  | gift}
130872 | Tomb:1   | Identified the ring "Ugonau" {rF+ rC+}
130872 | Tomb:1   | Noticed a royal mummy
130882 | Tomb:1   | Killed a royal mummy
131651 | Depths:3 | Learned a level 8 spell: Summon Horrible Things
132143 | Zot:1    | Reached skill level 5 in Conjurations
132578 | Zot:1    | Noticed an orb of fire
132582 | Zot:1    | Gained mutation: You are partially covered in iridescent
                  | scales. (AC +2) [an orb of fire]
132587 | Zot:1    | Killed an orb of fire
133554 | Zot:1    | Found a runed translucent door.
133557 | Zot:1    | Found a shimmering altar of Xom.
133557 | Zot:1    | Noticed Donez's ghost (legendary MiBe)
134720 | Zot:2    | Found a transporter.
134841 | Zot:2    | Noticed an orb of fire
134969 | Zot:2    | Gained mutation: You are clumsy. (Dex -2) [an orb of fire]
135182 | Zot:1    | Killed Tiamat
135372 | Zot:2    | Killed an orb of fire
135514 | Zot:2    | Received a gift from Sif Muna
135526 | Zot:2    | Got Odaratoa's Papyrus of the Oath and Geology {god gift}
135570 | Zot:2    | Identified the +2 leather armour of Enumo {Will+ rCorr}
135744 | Zot:2    | Found a transporter.
136394 | Zot:3    | Noticed Parghit
136705 | Zot:3    | Killed Parghit
137388 | Zot:4    | Noticed an orb of fire
137710 | Zot:4    | Noticed a dread lich
137763 | Zot:4    | Killed a dread lich
138387 | Zot:4    | Killed an orb of fire
140405 | Crypt:3  | Learned a level 7 spell: Spellforged Servitor
140953 | Zot:5    | Entered Level 5 of the Realm of Zot
141696 | Zot:5    | Reached skill level 5 in Translocations
141704 | Zot:5    | Noticed a dread lich
141705 | Zot:5    | Noticed an orb of fire
141706 | Zot:5    | Noticed an orb of fire
141707 | Zot:5    | Noticed an orb of fire
141710 | Zot:5    | Noticed an orb of fire
142012 | Zot:4    | Killed an orb of fire
142012 | Zot:4    | Received a gift from Sif Muna
142013 | Zot:4    | Got Sif Muna's Compendium of Execration and
                  | Transmogrification {god gift}
142179 | Zot:5    | Noticed a dread lich
142335 | Zot:5    | HP: 7/186 [Killer Klown/klown pie (42)]
143007 | Snake:3  | Bought a potion of heal wounds for 75 gold pieces
143007 | Snake:3  | Bought a potion of heal wounds for 75 gold pieces
143007 | Snake:3  | Bought 2 potions of heal wounds for 150 gold pieces
143007 | Snake:3  | Bought a potion of mutation for 120 gold pieces
143594 | Zot:5    | Gained mutation: You are weak. (Str -2) [an orb of fire]
143604 | Zot:4    | Killed an orb of fire
143777 | Zot:5    | Killed an orb of fire
144211 | Zot:5    | Killed an orb of fire
144855 | Zot:5    | Reached skill level 10 in Conjurations
144951 | Zot:5    | Killed a dread lich
145563 | Zot:5    | Killed a dread lich
146060 | Zot:5    | Got the Orb of Zot
146104 | Zot:5    | Noticed a seraph
146131 | Zot:5    | Noticed Estiurim the pandemonium lord
146260 | Zot:1    | Noticed Tiynug the pandemonium lord
146278 | Zot:1    | Killed Tiynug the pandemonium lord
146460 | Depths:2 | Noticed Booblenk the pandemonium lord
146504 | Depths:1 | Noticed Vocasipt the pandemonium lord
146688 | D:11     | Noticed Ariblai the pandemonium lord
146930 | D:$      | Escaped with the Orb!

Illustrated notes

Levels and vault maps discovered:
D:1:      spicycebolla_arrival_risky_transporter, layout_rooms,
          minmay_misc_feat_plants
D:2:      minmay_chambers_of_ones, layout_basic,
          shapermc_ecumenical_altar_mp_ritualfount, minmay_goblin_kobold_house
D:3:      layout_loops_ring, serial_bayou_pond_b
D:4:      layout_basic
D:5:      layout_loops_ring, minmay_stone_trees_medium,
          kennysheep_generic_room_6
D:6:      layout_basic, serial_shops, shop, minmay_misc_feat_columns,
          kennysheep_generic_room_15
D:7:      layout_loops_corners, temple_hall, uniq_maggie
D:8:      layout_rooms, uniq_joseph, uniq_prince_ribbit1, uniq_pikel,
          uniq_amaemon
D:9:      layout_gridville, gammafunk_temple_overflow_wave, hiddenorc1_lemuel
D:10:     layout_basic, grunt_temple_overflow_open, erik_lair_dragon,
          gammafunk_ghost_wrathful_warriors, serial_shops,
          nicolae_stop_n_shop_2, solitary_fountain
D:11:     layout_loops_ring, serial_shops, freezing_bzr, kennysheep_potato
D:12:     layout_small_grid, serial_shops, kennysheep_little_box, uniq_nergalle
D:13:     layout_loops_ring, david_vaults_2, kennysheep_cluttered_room
D:14:     layout_cave_pods, nicolae_ashenzari_skybound,
          amcnicky_mini_corridor_feature, chei_slow_surprise, uniq_azrael
D:15:     grunt_enter_depths_hoard, layout_cave_pods, serial_park_avenue1
Temple:   mainiacjoe_temple_coin_purse
Lair:1:   layout_roguey, maelrawn_ghost_gauntlet_escape, st_stairs_13,
          minivault_19, beast_lair_carwin_1, uniq_fannar, uniq_grum, uniq_urug
Lair:2:   wad_woods_stonehenge, layout_loops_ring, elwin_shoals_entry_rocks
Lair:3:   layout_chaotic_city, guppyfry_snake_entry_garden,
          gammafunk_ghost_abyssal_escape, lemuel_fruit_tree
Lair:4:   gammafunk_lair_enchanted_lake, layout_small_grid,
          gauntlet_entry_generic
Lair:5:   cheibrodos_lair_end_hotspot, layout_regular_city, slime_entry_1,
          nicolae_volcano_entry_vermiform
Shoals:1: layout_shoals, nicolae_shop_dragon_depot
Shoals:2: layout_shoals, kb_tengu_band
Shoals:3: layout_shoals, hangedman_shoal_volcano
Shoals:4: shoals_end_grunt_garden, layout_shoals
Snake:1:  layout_gridlike, grunt_megastairs_2
Snake:2:  layout_onion, hellmonk_ghost_happy_afterlife, minmay_snake_pond,
          serial_bayou_shore_b
Snake:3:  nicolae_snake_attic_fulla_snakes, layout_concentric_octagons,
          basic_altar, minmay_shoptagon
Snake:4:  johnstein_snake_rune_scales, layout_cave_shapes
Slime:1:  layout_caves
Slime:2:  layout_caves, nicolae_slime_welcoming_committee
Slime:3:  layout_caves, basic_altar, nicolae_slime_barrier
Slime:4:  cheibrodos_slime_lost_civilization_10, layout_caves,
          cheibrodos_slime_lost_civilization_5
Slime:5
Orc:1:    layout_caves, kennysheep_orc_chapel
Orc:2:    pf_orc_diabolical, layout_diamond_mine, basic_altar, serial_shops,
          nicolae_lakefront_shop, nicolae_orc_lava_room
Elf:1:    elf_arrival_001, layout_gridlike, gammafunk_ghost_cemetery,
          serial_shops, nicolae_shop_window_shopping, hangedman_elf_disciples
Elf:2:    elven_hall_of_blades_hangedman_alternative
          [infiniplex_blade_entry_pillars], layout_onion_city,
          gammafunk_ghost_cemetery, nicolae_elf_archery_training
Elf:3:    nooodl_elf_gasket, layout_geoelf_octagon
Vaults:1: nicolae_vaults_little_squares_6, hangedman_vaults_pinch,
          nicolae_vaults_triangles, nicolae_vaults_circle_grid_a, st_octagons_2,
          nicolae_vaults_back_hallway, v_rooms_6, v_misc_11,
          vaults_dpeg_diagonal, vaults_dpeg_ring, layout_vaults_ring,
          serial_shops, nicolae_shop_overgrown_old_shop, shop_fountains, shop,
          nicolae_shop_behind_doors, shop
Vaults:2: hangedman_vaults_capsules, hangedman_vaults_corner,
          grunt_vaults_hallway_short, v_rooms_5,
          nicolae_vaults_windows_and_doors_thing, ontoclasm_vaults_twist,
          vaults_room_grunt_arrival_checkpoint, layout_vaults_big_room
Vaults:3: vaults_dpeg_cross, minmay_crypt_entry_simple_walls,
          nicolae_vaults_little_squares_5, v_misc_2, vaults_mumra_hex,
          hangedman_vaults_stagger, nicolae_vaults_alarming, v_misc_18,
          nicolae_vaults_rhombus_5, layout_vaults_quadrants, uniq_mennas
Vaults:4: nicolae_vaults_fighting_squares, v_alt_pattern_1, v_misc_23,
          hangedman_vaults_slice, nicolae_vaults_three_branches,
          vaults_room_corners, hangedman_vaults_cutoff,
          vaults_standard_mumra_lines, nicolae_vaults_network_square,
          nicolae_vaults_little_ls, vaults_room_hallway,
          layout_vaults_omnicross, serial_shops, nicolae_square_shop
Vaults:5: uniq_margery
Crypt:1:  layout_misc_corridors, minmay_misc_feat_hallway,
          nicolae_crypt_crumbling_hall, grunt_crypt_arrival_split
Crypt:2:  layout_catacombs, uniq_vv
Crypt:3:  due_elkab, layout_chaotic_city, tomb_entry_simple_bobbens
Tomb:1
Depths:1: layout_small_grid, mu_enter_wizlab_5, serial_bayou_shore_a,
          grunt_hell_entry_dis_old, grunt_ministairs_9, nicolae_vehumet_radiance
Depths:2: grunt_deathspiral_small, layout_basic, enter_ziggurat_b,
          rand_demon_pan_entry_1, hell_entry, minmay_staircase_bubble
Depths:3: minmay_the_grid_square_5x5_5x5_mashed
          [minmay_the_grid_square_5x5_n_small,
          minmay_the_grid_square_5x5_detours,
          minmay_the_grid_square_5x5_misaligned,
          minmay_the_grid_square_5x5_doubleslash,
          minmay_the_grid_square_5x5_spiral,
          minmay_the_grid_square_5x5_three_walls,
          minmay_the_grid_square_5x5_prize_itemx,
          minmay_the_grid_square_5x5_tri_point,
          minmay_the_grid_square_5x5_prize_snowflake,
          minmay_the_grid_square_5x5_broken_cross,
          minmay_the_grid_square_5x5_fancy_junction,
          minmay_the_grid_square_5x5_z, minmay_the_grid_square_5x5_prize_waves,
          minmay_the_grid_square_5x5_seven,
          minmay_the_grid_square_5x5_two_walls_b,
          minmay_the_grid_square_5x5_two,
          minmay_the_grid_square_5x5_prize_rear_guard,
          minmay_the_grid_square_5x5_shuriken,
          minmay_the_grid_square_5x5_prize_gold,
          minmay_the_grid_square_5x5_inner_v,
          minmay_the_grid_square_5x5_spiral_small,
          minmay_the_grid_square_5x5_almost_minimal,
          minmay_the_grid_square_5x5_comb, minmay_the_grid_square_5x5_longway,
          minmay_the_grid_square_5x5_pentomino_r], layout_basic,
          nicolae_abyss_entry_one_way_or_another, grunt_decor_clamped,
          hell_entry, uniq_xtahua
Depths:4: evilmike_zot_entry_argh, layout_cave_shapes, special_room
          [special_room_morgue], rand_demon_pan_entry_9,
          serial_sigils_hangedman_scratch, pf_vacation_house_of_asmodeus,
          minivault_16, yredelemnul_altar_generic, uniq_josephina,
          uniq_saint_roka
Zot:1:    layout_basic, ebering_ghost_xom, zot_minivault_4, uniq_tiamat
Zot:2:    gammafunk_dig_for_victory, layout_concentric_octagons
Zot:3:    layout_onion_interference, uniq_parghit
Zot:4:    hangedman_zot_vaults_quadrants, layout_cathedral_of_symmetry
Zot:5:    layout_twisted_circle

Skill      XL: |  1  2  3  4  5  6  7  8  9 10 11 12 13 14 15 16 17 18 19 20 21 22 23 24 25 26 27 |
---------------+----------------------------------------------------------------------------------+-----
Summonings     | 5 6 7 8 9 10 11 12 14 15 16 17 18 19 20 22 24 26 27 | 27.0
Ranged Weapons | 1 2 3 |  3.0
Fighting       | 1 2 3 5 6 7 8 9 11 12 13 14 15 16 17 18 19 20 21 23 | 23.3
Armour         | 1 2 3 4 5 6 8 9 10 11 12 13 14 15 17 | 17.0
Dodging        | 3 4 5 6 7 9 10 11 | 11.0
Air Magic      | 1 2 3 5 6 7 9 10 11 12 13 14 | 14.0
Short Blades   | 1 |  1.0
Poison Magic   | 1 2 3 4 |  4.0
Spellcasting   | 3 4 5 6 8 9 10 11 12 13 15 20 | 20.1
Throwing       | 1 |  1.0
Evocations     | 1 3 4 |  4.0
Stealth        | 3 4 6 7 8 9 10 | 10.0
Shields        | 1 3 4 6 7 9 10 11 12 14 | 14.0
Polearms       | 1 2 4 5 7 9 11 12 14 15 | 15.0
Invocations    | 1 3 5 6 8 9 10 11 12 13 | 13.0
Hexes          | 2 3 4 5 |  5.0
Ice Magic      | 2 4 5 6 |  6.0
Long Blades    | 3 7 9 |  9.9
Necromancy     | 2 3 |  3.0
Axes           | 2 8 |  8.8
Translocations | 3 7 |  7.0
Conjurations   | 10 | 10.0

Action                   |  1- 3 |  4- 6 |  7- 9 | 10-12 | 13-15 | 16-18 | 19-21 | 22-24 | 25-27 || total
-------------------------+-------+-------+-------+-------+-------+-------+-------+-------+-------++-------
Melee: Unarmed           |     7 |       |       |       |       |       |       |       |       ||     7
       Peck              |     4 |       |     9 |    71 |   121 |   190 |   117 |   161 |   442 ||  1115
       Whip              |     6 |       |       |       |       |       |       |       |       ||     6
       Kick              |     1 |     3 |    22 |    97 |   175 |   301 |   165 |   249 |   654 ||  1667
       Dagger            |       |     4 |     8 |       |       |       |       |       |       ||    12
       Trident           |       |       |    87 |   313 |   491 |   680 |   266 |     3 |       ||  1840
       Falchion          |       |       |     3 |       |       |       |   143 |   408 |   959 ||  1513
       Punch             |       |       |     1 |       |       |       |       |       |       ||     1
       Staff             |       |       |       |       |    17 |   142 |       |       |       ||   159
       Broad axe         |       |       |       |       |       |       |    13 |     9 |    51 ||    73
 Fire: Sling             |    89 |    59 |    22 |       |     7 |       |       |       |       ||   177
Throw: Dart              |       |       |     2 |     1 |     1 |       |       |       |       ||     4
 Cast: Summon Small Mamm |    45 |    59 |    66 |    94 |   159 |   128 |    28 |       |     1 ||   580
       Call Imp          |       |    22 |    32 |    52 |    86 |    79 |    24 |     1 |     3 ||   299
       Call Canine Famil |       |    14 |    53 |    78 |   126 |   154 |   132 |    70 |   102 ||   729
       Poisonous Vapours |       |       |    29 |    53 |   115 |    66 |   197 |   106 |    54 ||   620
       Summon Lightning  |       |       |       |    41 |   111 |   183 |   142 |    91 |   130 ||   698
       Swiftness         |       |       |       |     3 |       |       |     1 |     1 |     2 ||     7
       Summon Guardian G |       |       |       |       |    43 |    45 |    36 |    36 |    36 ||   196
       Summon Ice Beast  |       |       |       |       |    58 |   165 |    92 |    34 |    19 ||   368
       Airstrike         |       |       |       |       |       |   115 |   175 |   110 |    71 ||   471
       Summon Cactus Gia |       |       |       |       |       |    65 |   166 |   231 |   232 ||   694
       Summon Hydra      |       |       |       |       |       |       |    18 |   154 |   446 ||   618
       Summon Forest     |       |       |       |       |       |       |       |    34 |    63 ||    97
       Summon Horrible T |       |       |       |       |       |       |       |       |   109 ||   109
       Spellforged Servi |       |       |       |       |       |       |       |       |    29 ||    29
       Dragon's Call     |       |       |       |       |       |       |       |       |     1 ||     1
Invok: Channel Magic     |       |       |       |       |       |     1 |     3 |       |     3 ||     7
       Divine Exegesis   |       |       |       |       |       |       |       |       |     1 ||     1
 Abil: Evoke Blink       |       |       |       |       |       |       |       |     1 |     4 ||     5
Evoke: Wand              |       |       |     3 |     8 |    12 |    21 |    10 |     4 |    14 ||    72
       Lightning rod     |       |       |       |       |     2 |     2 |     4 |     1 |       ||     9
       Box of beasts     |       |       |       |       |       |     1 |     1 |     1 |       ||     3
       Phantom mirror    |       |       |       |       |       |       |       |     1 |       ||     1
       Condenser vane    |       |       |       |       |       |       |       |       |     5 ||     5
  Use: Scroll            |     4 |     1 |     7 |    13 |     8 |    12 |    17 |    10 |    34 ||   106
       Potion            |       |     2 |       |     1 |     6 |     8 |     9 |     4 |    36 ||    66
 Stab: Distracted        |       |       |     1 |     8 |    18 |    35 |    15 |    23 |    63 ||   163
       Sleeping          |       |       |       |     1 |     4 |       |     4 |       |     1 ||    10
       Petrified         |       |       |       |       |     1 |       |       |       |       ||     1
       Invisible         |       |       |       |       |     1 |       |     5 |     5 |     4 ||    15
Armor: Robe              |    18 |    11 |       |       |       |       |       |       |       ||    29
       Leather armour    |       |     1 |     2 |       |       |       |       |       |       ||     3
       Ring mail         |       |       |    44 |   105 |   175 |   271 |   106 |    70 |       ||   771
       Steam dragon scal |       |       |       |       |     4 |       |       |       |       ||     4
       Troll leather arm |       |       |       |       |       |       |       |    54 |       ||    54
       Pearl dragon scal |       |       |       |       |       |       |       |    12 |   535 ||   547
       Skin              |       |       |       |       |       |       |       |       |     7 ||     7
Dodge: Dodged            |    55 |    42 |   114 |   205 |   354 |   465 |   261 |   398 |   786 ||  2680
Block: Buckler           |       |       |       |    89 |   127 |   233 |       |       |       ||   449
       Reflection        |       |       |       |       |       |   114 |    84 |    24 |    38 ||   260
       Kite shield       |       |       |       |       |       |   455 |   426 |   429 |  1079 ||  2389

Table legend: (Time is in decaauts)
 A = Elapsed time spent in this place.
 B = Non-inter-level travel time spent in this place.
 C = Inter-level travel time spent in this place.
 D = Time resting spent in this place.
 E = Time spent auto-exploring this place.
 F = Levels seen in this place.
 G = Mean time per level.
                   A        B        C        D        E       F      G
               +--------+--------+--------+--------+--------+-----+--------+
         Total | 140538 | 123755 |  16783 |  45571 |  48079 |  61 | 2303.9 |
       Dungeon |  27160 |  21708 |   5452 |   5001 |  11564 |  15 | 1810.7 |
        Temple |    126 |    119 |      7 |      0 |     90 |   1 |  126.0 |
          Lair |  10161 |   8372 |   1789 |   2261 |   4235 |   5 | 2032.2 |
        Shoals |  10432 |   9806 |    626 |   3477 |   4553 |   4 | 2608.0 |
     Snake Pit |  12890 |  12043 |    847 |   5891 |   3606 |   4 | 3222.5 |
    Slime Pits |   6061 |   5519 |    542 |   2011 |   2135 |   5 | 1212.2 |
  Orcish Mines |   5262 |   4457 |    805 |   1986 |   1366 |   2 | 2631.0 |
   Elven Halls |  11491 |  10895 |    596 |   5160 |   3032 |   3 | 3830.3 |
        Vaults |  16506 |  14006 |   2500 |   5230 |   5507 |   5 | 3301.2 |
         Crypt |   6997 |   6334 |    663 |   1705 |   2496 |   3 | 2332.3 |
          Tomb |   2639 |   2234 |    405 |   1049 |    547 |   1 | 2639.0 |
        Depths |  13333 |  11948 |   1385 |   4581 |   4281 |   4 | 3333.2 |
           Zot |  12607 |  11446 |   1161 |   4525 |   3870 |   5 | 2521.4 |
        Bazaar |    147 |    147 |      0 |      0 |    120 |   1 |  147.0 |
       Volcano |    842 |    842 |      0 |    421 |    151 |   1 |  842.0 |
        Wizlab |   3088 |   3088 |      0 |   1833 |    403 |   1 | 3088.0 |
      Gauntlet |    790 |    790 |      0 |    432 |    114 |   1 |  790.0 |
               +--------+--------+--------+--------+--------+-----+--------+

Top non-repeatable levels by time:
 Snake:3: 5702 daAuts
   Elf:3: 4826 daAuts
Vaults:4: 4382 daAuts
   Orc:2: 4276 daAuts
   Elf:2: 4125 daAuts
Depths:3: 4116 daAuts
Depths:2: 4009 daAuts
Vaults:1: 3773 daAuts
   Zot:1: 3704 daAuts
Vaults:3: 3556 daAuts
Depths:4: 3386 daAuts
Shoals:3: 3332 daAuts
    D:10: 3257 daAuts
   Zot:5: 3182 daAuts
  WizLab: 3088 daAuts
